Map: King's Cove LE

Players

GangusKaun

  • Race: Protoss Protoss
  • League: Gold
  • Spawn Location: 5:00

MOTHBALLS - Winner!

  • Race: Protoss Protoss
  • Spawn Location: 11:00

VOD

Have the link to the VOD?

Description

Time

  • Played on: Dec. 8, 2024, 11:49 a.m.
  • Length: 4:05
Show
View Real Time Build Order
Export as new Build Order

GangusKaun Protoss 

Build Orders:  

Get SALT Encoding   

  12  0:01  Probe  
  13  0:13  Probe  
  14  0:21  Pylon  
  14  0:30  Probe  
  15  0:43  Gateway  
  15  0:53  Probe  
  16  0:57  Assimilator  
  16  1:05  Probe  
  17  1:15  Gateway  
  17  1:21  Probe  
  18  1:33  Probe  
  18  1:37  Zealot  
  19  1:43  Pylon  
  21  1:56  Pylon  
  21  2:03  Probe  
  22  2:11  Probe  
  22  2:14  Forge  
  22  2:21  Probe  
  22  2:37  Probe  
  22  2:48  Photon Cannon  
  22  2:51  Probe  
  23  2:55  Photon Cannon  
  23  2:58  Cybernetics Core  
  23  3:03  Pylon  
  23  3:09  Photon Cannon  
  23  3:18  Gateway  
  20  3:40  Photon Cannon  
  20  3:42  Photon Cannon  
  20  3:50  Robotics Facility  
Show
View Real Time Build Order
Export as new Build Order

MOTHBALLS Protoss - Winner!

Build Orders: Forge Fast Expand (FFE) 

Get SALT Encoding   

  1  0:00  Probe  
  12  0:05  Probe  
  14  0:19  Pylon  
  14  0:22  Probe  
  15  0:39  Forge  
  15  0:42  Probe  
  16  0:54  Probe  
  17  1:26  Nexus  
  17  1:29  Pylon  
  17  1:34  Pylon  
  17  1:35  Pylon  
  17  1:39  Pylon  
  17  1:55  Photon Cannon  
  17  2:06  Pylon  
  17  2:13  Probe  
  17  2:25  Probe  
  18  2:37  Probe  
  18  2:41  Gateway  
  19  2:45  Probe  
  20  2:51  Photon Cannon  
  20  2:52  Photon Cannon  
  20  2:54  Photon Cannon  
  20  2:56  Photon Cannon  
  20  2:57  Photon Cannon  
  20  3:10  Probe  
  20  3:22  Probe  
  21  3:30  Pylon  
  21  3:45  Cybernetics Core, Probe  
  21  3:46  Assimilator  
  22  3:50  Assimilator, Photon Cannon  
Tags
 
Add a new tag
Caveats
  • Supply blocks, unpowered buildings, or Contaminate may cause inaccurate times.
  • Supply counts are checked every 10 seconds.